 Dungeon Sprint DCSS version 0.21.1-1-g345015f (webtiles) character file.

3129 Fang the Fighter (level 9, -4/96 HPs)
             Began as a Minotaur Berserker on June 5, 2018.
             Was a High Priest of Trog.
             Slain by Dejok the pandemonium lord (27 damage)
             ... in the Dungeon (Sprint V: "Ziggurat Sprint").
             The game lasted 00:04:36 (741 turns).

Fang the Fighter (Minotaur Berserker)                Turns: 741, Time: 00:04:37

Health: -4/96      AC: 14    Str: 30    XL:     9   Next: 61%
Magic:  0/8        EV: 11    Int:  4    God:    Trog [*****.]
Gold:   0          SH:  0    Dex: 11    Spells: 8/8 levels left

rFire    . . .     SeeInvis .   C - +2 war axe (chop)
rCold    . . .     Gourm    .   (no shield)
rNeg     . . .     Faith    .   I - +1 plate armour {rPois}
rPois    +         Spirit   +   (helmet restricted)
rElec    .         Reflect  .   (no cloak)
rCorr    .         Harm     .   (no gloves)
MR       .....     NoTele   +   (no boots)
Stlth    ..........             b - amulet of the Endless Expanse {Spirit Stlth+}
HPRegen  0.26/turn              G - ring of flight
MPRegen  0.11/turn              F - +6 ring of strength

@: berserk cooldown, slowed, drained, very slow
A: retaliatory headbutt, horns 2
a: Berserk, Trog's Hand, Brothers in Arms, Burn Spellbooks, Renounce Religion,
Evoke Flight


You were in the Dungeon.
You worshipped Trog.
Trog was extremely pleased with you.
You were hungry.

You visited 1 branch

Inventory:

Hand Weapons
 k - a +5 executioner's axe
 l - a +5 demon trident
 B - a +3 hand axe of venom
 C - a +2 war axe of chopping (weapon)
Missiles
 D - 4 steel javelins (quivered)
Armour
 H - a +1 chain mail of fire resistance
 I - a +1 plate armour of poison resistance (worn)
Jewellery
 a - the ring of the Mage {Wiz MR++ Int+3}
   (You found it in the Dungeon)

   [ring of wizardry]

   It improves your spell success rate.
   It affects your intelligence (+3).
   It affects your resistance to hostile enchantments.
 b - the amulet of the Endless Expanse (around neck) {Spirit Stlth+}
   (You found it in the Dungeon)

   [amulet of guardian spirit]

   It causes incoming damage to be split between your health and magic.
   It makes you more stealthy.
 j - an uncursed ring of protection from fire
 F - a +6 ring of strength (right hand)
 G - a ring of flight (left hand)
Wands
 x - a wand of disintegration (7)
 y - a wand of iceblast (7)
 z - a wand of acid (7)
Scrolls
 i - 4 scrolls of blinking
 m - 7 scrolls of fog
 n - a scroll of holy word
 o - 5 scrolls of identify
 p - 5 scrolls of remove curse
 q - 2 scrolls of fear
Potions
 d - 10 potions of curing
 e - 10 potions of heal wounds
 f - 6 potions of haste
 g - 7 potions of magic
 h - 3 potions of berserk rage
 r - 2 potions of brilliance
 s - 2 potions of invisibility
 t - 4 potions of resistance
 u - a potion of experience
 v - 5 potions of agility
 w - 5 potions of might
Miscellaneous
 A - a sack of spiders
Comestibles
 c - 7 rations
 E - a chunk of flesh


   Skills:
 + Level 14.8(13.7) Fighting
 + Level 13.8(14.3) Axes
 + Level 12.2(13.6) Polearms
 + Level 8.8(7.9) Armour
 + Level 8.0(7.1) Dodging


You had 8 spell levels left.
You didn't know any spells.

Dungeon Overview and Level Annotations

Branches:
Dungeon (1/1)

Altars:
Ashenzari
Cheibriados
Dithmenos
Elyvilon
Fedhas
Gozag
Hepliaklqana
Kikubaaqudgha
Makhleb
Nemelex Xobeh
Okawaru
Qazlal
Ru
Sif Muna
Trog
Uskayaw
Vehumet
Wu Jian
Xom
Yredelemnul
Zin
The Shining One
Beogh
Jiyva
Lugonu

Annotations:
D 1 transporter


Innate Abilities, Weirdness & Mutations

You reflexively headbutt those who attack you in melee.
You have a pair of horns on your head.


Message History

You kill the shadow imp!
Trog accepts your kill.
You hit Dejok. You slice Dejok!!
Dejok is severely wounded.
You are no longer berserk.
You are exhausted.
You feel yourself slow down.
Dejok blinks!
Dejok blinks!
The crimson imp closely misses you. You furiously retaliate!
You headbutt the crimson imp! The Tzitzimitl gestures at you.
The bolt of negative energy hits you!
You feel drained.
Ouch! That really hurt!
* * * LOW HITPOINT WARNING * * *
The bolt of negative energy hits Dejok.
Dejok completely resists.
The reaper hits you from afar with a scythe of protection.
* * * LOW HITPOINT WARNING * * *
Dejok sneers, "Slither away, thou pox-marked common-kissing rump-roast!"
Dejok hits you!!
You die...

▓...©....▓...©....▓
▓▓▓▓▓▓▓▓▓▓▓▓▓▓▓▓▓▓▓
▓..8©8..▓ ▓..?[[..▓
▓..:)...▓ ▓.......▓
▓...2...▓ ▓.5.§...▓
▓.1@&...▓ ▓.▓§..▓.▓
▓...©..§▓ ▓▓▓▓▓▓▓▓▓


You could see Dejok, a Tzitzimitl, a reaper and a crimson imp.

Vanquished Creatures
  A dancing weapon (D)
  A deep elf knight (D)
  2 deep elf magi (D)
  A jumping spider (D)
  A fire elemental (D)
  A water elemental (D)
  A chaos spawn (D)
  2 hell hounds (D)
  3 scorpions (D)
  A crimson imp (D)
  A quasit (D)
  3 orc priests (D)
  An iron imp (D)
  2 shadow imps (D)
  A fire vortex (D)
22 creatures vanquished.

Notes
Turn   | Place    | Note
-------+----------+-------------------------------------------
     0 | D        | Found the +6 Majin-Bo {vamp, Archmagi MP+6 Int+6}
     0 | D        | Found the +7 great mace "Firestarter" {inner flame, rF++}
     0 | D        | Fang the Minotaur Berserker began the quest for the Orb.
     0 | D        | Reached XP level 1. HP: 19/19 MP: 0/0
     3 | D        | Found a blossoming altar of Fedhas.
     4 | D        | Found a viscous altar of Jiyva.
     4 | D        | Found a hazy altar of Hepliaklqana.
     4 | D        | Found a transporter.
     4 | D        | Found an opulent altar of Gozag.
     4 | D        | Found an ancient bone altar of Kikubaaqudgha.
     4 | D        | Found a corrupted altar of Lugonu.
    10 | D        | Found a burning altar of Makhleb.
    11 | D        | Found a stormy altar of Qazlal.
    11 | D        | Found a sacrificial altar of Ru.
    11 | D        | Found an iron altar of Okawaru.
    11 | D        | Found a deep blue altar of Sif Muna.
    11 | D        | Found a sparkling altar of Nemelex Xobeh.
    11 | D        | Found a bloodstained altar of Trog.
    66 | D        | Entered arena 2.
    66 | D        | Noticed an iron imp
    66 | D        | Found a transporter.
    70 | D        | Reached skill level 4 in Fighting
    72 | D        | Killed an iron imp
    72 | D        | Reached skill level 5 in Fighting
    72 | D        | Reached skill level 5 in Axes
    72 | D        | Reached skill level 1 in Polearms
    72 | D        | Reached XP level 2. HP: 30/30 MP: 1/1
    72 | D        | Reached XP level 3. HP: 37/37 MP: 2/2
   206 | D        | Entered arena 3.
   206 | D        | Found a transporter.
   209 | D        | Reached ** piety under Trog
   209 | D        | Reached skill level 6 in Fighting
   211 | D        | Reached skill level 7 in Fighting
   211 | D        | Reached XP level 4. HP: 47/47 MP: 3/3
   224 | D        | Got the amulet of the Endless Expanse {Spirit Stlth+}
   227 | D        | Reached *** piety under Trog
   261 | D        | Entered arena 4.
   261 | D        | Noticed a hell hound
   261 | D        | Noticed a fire elemental
   261 | D        | Noticed a hell hound
   261 | D        | Found a transporter.
   264 | D        | Killed a hell hound
   264 | D        | Reached skill level 9 in Fighting
   264 | D        | Reached XP level 5. HP: 57/57 MP: 4/4
   267 | D        | Killed a hell hound
   267 | D        | Reached **** piety under Trog
   267 | D        | Reached skill level 10 in Fighting
   267 | D        | Reached skill level 10 in Axes
   267 | D        | Reached skill level 5 in Armour
   267 | D        | Reached XP level 6. HP: 66/66 MP: 3/5
   270 | D        | Killed a fire elemental
   270 | D        | Reached skill level 11 in Fighting
   270 | D        | Reached skill level 5 in Polearms
   270 | D        | Reached skill level 5 in Dodging
   360 | D        | Entered arena 5.
   360 | D        | Noticed a jumping spider
   360 | D        | Found a transporter.
   365 | D        | Killed a jumping spider
   365 | D        | Reached XP level 7. HP: 68/75 MP: 4/6
   369 | D        | Reached skill level 12 in Fighting
   370 | D        | Reached ***** piety under Trog
   497 | D        | Entered arena 6.
   497 | D        | Noticed a deep elf mage
   497 | D        | Noticed a deep elf knight
   497 | D        | Noticed a deep elf mage
   497 | D        | Noticed a scimitar of holy wrath
   497 | D        | Noticed a water elemental
   497 | D        | Found a transporter.
   498 | D        | Found the ring of the Mage {Wiz MR++ Int+3}
   499 | D        | Killed a scimitar of holy wrath
   499 | D        | Received a gift from Trog
   499 | D        | Reached skill level 13 in Fighting
   499 | D        | Reached XP level 8. HP: 86/86 MP: 5/7
   504 | D        | Killed a deep elf mage
   504 | D        | Received a gift from Trog
   504 | D        | Reached skill level 10 in Polearms
   509 | D        | Killed a deep elf mage
   509 | D        | Reached skill level 14 in Fighting
   509 | D        | Reached XP level 9. HP: 77/95 MP: 4/8
   511 | D        | Killed a deep elf knight
   727 | D        | Entered arena 7.
   727 | D        | Noticed Dejok the pandemonium lord
   728 | D        | Noticed a reaper
   729 | D        | Found a transporter.
   734 | D        | Received a gift from Trog
   739 | D        | Noticed a Tzitzimitl
   741 | D        | Slain by Dejok the pandemonium lord

Skill      XL: |  1  2  3  4  5  6  7  8  9 |
---------------+----------------------------+-----
Fighting       | 5 7 9 10 11 13 14 | 14.8
Axes           | 5 7 9 10 11 12 13 | 13.8
Polearms       | 1 3 4 6 9 11 12 | 12.2
Armour         | 3 4 5 6 7 8 |  8.8
Dodging        | 3 4 5 6 7 8 |  8.0

Action                   |  1- 3 |  4- 6 |  7- 9 || total
-------------------------+-------+-------+-------++-------
Melee: Demon trident     |     9 |    15 |    18 ||    42
       Headbutt          |       |     2 |     5 ||     7
       War axe           |       |       |    10 ||    10
Invok: Berserk           |     2 |     1 |     2 ||     5
       Burn Spellbooks   |       |     1 |     1 ||     2
  Eat: Chunk             |       |     1 |     2 ||     3
Armor: Chain mail        |       |     8 |     1 ||     9
       Plate armour      |       |       |     5 ||     5
Dodge: Dodged            |       |     6 |    18 ||    24
